 Dungeon Crawl Stone Soup version 0.21.1-1-g345015fe64 (webtiles) character file.

241 HessuHobo the Cutter (level 5, -3/52 HPs)
             Began as a Troll Fighter on May 23, 2018.
             Killed by divine providence
             ... invoked by an orc priest
              (15 damage)
             ... on level 3 of the Dungeon.
             The game lasted 00:05:51 (2029 turns).

HessuHobo the Cutter (Troll Fighter)                Turns: 2029, Time: 00:05:51

Health: -3/52      AC:  6    Str: 30    XL:     5   Next: 80%
Magic:  4/4        EV: 13    Int:  4    God:
Gold:   119        SH:  9    Dex:  9    Spells: 4/4 levels left

rFire    . . .     SeeInvis .   a - +0 rapier
rCold    . . .     Gourm    +   c - +0 shield
rNeg     . . .     Faith    .   b - +1 robe
rPois    .         Spirit   .   (helmet restricted)
rElec    .         Reflect  .   (no cloak)
rCorr    .         Harm     .   (gloves unavailable)
MR       .....                  (boots unavailable)
Stlth    +.........             (no amulet)
HPRegen  0.57/turn              m - +4 ring of evasion
MPRegen  0.09/turn              (no ring)

@: mighty
A: large, unfitting armour, claws 3, fast metabolism 3, gourmand, regeneration
1, shaggy fur 1, tough skin 2
a: no special abilities


You were on level 3 of the Dungeon.
You were not hungry.

You visited 1 branch of the dungeon, and saw 3 of its levels.

You collected 119 gold pieces.

Inventory:

Hand Weapons
 a - a +0 rapier (weapon)
Armour
 b - a +1 robe (worn)
 c - a +0 shield (worn)
Jewellery
 k - an uncursed amulet of harm
 m - a +4 ring of evasion (left claw)
Scrolls
 h - 4 scrolls of remove curse
 o - a scroll of enchant weapon {unknown}
Potions
 g - 3 potions of lignification {unknown}
 j - a potion of magic {unknown}
 l - a potion of ambrosia {unknown}
 n - a potion of haste {unknown}
Comestibles
 f - 4 rations


   Skills:
 + Level 2.9 Fighting
 * Level 3.5 Short Blades
 + Level 3.2 Dodging
 + Level 3.3 Shields


You had 4 spell levels left.
You didn't know any spells.

Dungeon Overview and Level Annotations

Branches:
Dungeon (3/15)

Altars:
Kikubaaqudgha


Innate Abilities, Weirdness & Mutations

You are too large for most types of armour.
You have claws for hands.
Your metabolism is lightning-fast.
You like to eat raw meat.
Your natural rate of healing is unusually fast.
You are covered in fur. (AC +1)
You have very tough skin. (AC +2)


Message History

The kobold shouts!
The kobold throws a stone.
The stone barely misses you.
You see here an orc corpse.
There are no objects that can be picked up here. an orc corpse You eat one of the 5 rations.
That ration really hit the spot!
The kobold throws a stone.
The stone hits you but does no damage.
Your surroundings suddenly seem different.
The orc priest seems to regain its courage.
You hit the orc priest.
The orc priest is lightly wounded.
The orc priest hits you with a club.
* * * LOW HITPOINT WARNING * * *
You hit the orc priest but do no damage.
The orc priest barely misses you.
You puncture the orc priest!
The orc priest is severely wounded.
The orc priest calls down the wrath of Beogh upon you.
Beogh smites you!
You die...

.#.#.#.#.#.#.##.........#
..#.⌠.#.⌠.#.⌠.#....###### ####
.⌠.#.#.#.#.#..'.......## #... >.
_...#.⌠.#.⌠.#.'....##..##.(# #...
.⌠.#.#.#.#.#..'.######.#..####...
..#.⌠.#.⌠.#.⌠.### #...##......
.#.#.#.#.#.#.## ###.##......
#.⌠.#.⌠.#...###### #..#......
##.#.#.###### #.@# #####..#.#...#
####### ####.o###........#....
#.................o.{(
#..............(..#...
#.....##.#####(.###... ########.#
###(.o#.#( #......####...#..o..
#......##...####....
#...................


You could see an orc priest.

Vanquished Creatures
  2 vampire bats (D:3)
  7 adders
  2 oozes (D:1)
  A worm (D:2)
  3 dart slugs (D:1)
  A leopard gecko (D:1)
  3 orcs (D:3)
  8 bats
  2 bat skeletons (D:3)
  3 bat zombies (D:3)
  6 giant cockroaches
  7 goblins
  5 hobgoblins
  7 jackals
  9 kobolds
  2 quokkas (D:2)
  7 frilled lizards
  5 rats
80 creatures vanquished.

Notes
Turn   | Place    | Note
-------+----------+-------------------------------------------
     0 | D:1      | HessuHobo the Troll Fighter began the quest for the Orb.
     0 | D:1      | Reached XP level 1. HP: 22/22 MP: 0/0
    85 | D:1      | Reached XP level 2. HP: 29/29 MP: 1/1
   231 | D:1      | Reached XP level 3. HP: 27/36 MP: 2/2
  1200 | D:2      | Reached XP level 4. HP: 36/44 MP: 3/3
  1836 | D:3      | Reached XP level 5. HP: 47/52 MP: 4/4
  1895 | D:3      | Found an ancient bone altar of Kikubaaqudgha.
  2008 | D:3      | HP: 1/52 [orc/mace (5)]
  2029 | D:3      | Killed from afar by an orc priest

Skill      XL: |  1  2  3  4 |
---------------+-------------+-----
Short Blades   | 2 3 |  3.5
Shields        | 3 |  3.3
Dodging        | 3 |  3.2
Fighting       | |  2.9

Action                   |  1- 3 |  4- 6 || total
-------------------------+-------+-------++-------
Melee: Rapier            |   143 |   154 ||   297
  Use: Scroll            |     5 |     6 ||    11
       Potion            |       |     1 ||     1
  Eat: Chunk             |     4 |     8 ||    12
       Ration            |     1 |     1 ||     2
Armor: Robe              |    54 |    91 ||   145
Dodge: Dodged            |    52 |   169 ||   221
Block: Shield            |    74 |   113 ||   187
